Map: Celestial Enclave LE

Players

Flame - Winner!

  • Race: Terran Terran
  • League: Diamond
  • Spawn Location: 7:00

AMCHOLDER

  • Race: Zerg Zerg
  • League: Diamond
  • Spawn Location: 1:00

VOD

Have the link to the VOD?

Description

Time

  • Played on: Dec. 27, 2025, 8:52 a.m.
  • Length: 16:21
Show
View Real Time Build Order
Export as new Build Order

Flame Terran - Winner!

Build Orders: Mech 

Get SALT Encoding   

  12  0:00  SCV  
  13  0:12  SCV  
  14  0:18  Supply Depot  
  14  0:27  SCV  
  15  0:40  SCV  
  15  0:42  Barracks  
  16  0:51  Barracks  
  16  0:53  SCV  
  17  1:05  SCV  
  18  1:18  SCV  
  19  1:29  Marine  
  19  1:30  Orbital Command  
  19  1:31  Supply Depot  
  20  1:39  Marine  
  21  1:47  Marine  
  22  1:57  Command Center  
  22  2:04  Marine  
  24  2:15  SCV  
  24  2:20  Marine  
  24  2:22  Marine  
  25  2:29  SCV  
  27  2:38  Marine  
  27  2:39  Command Center  
  27  2:40  Marine  
  27  2:42  SCV  
  30  2:51  Refinery  
  30  2:52  Refinery  
  30  2:56  SCV  
  31  3:04  Refinery  
  31  3:07  Bunker  
  31  3:08  SCV  
  32  3:16  Orbital Command  
  32  3:25  SCV  
  33  3:37  SCV  
  34  3:43  SCV  
  35  3:49  Factory, SCV  
  35  3:51  Supply Depot  
  35  3:54  Orbital Command  
  35  3:55  SCV  
  37  4:00  Factory  
  37  4:02  SCV  
  38  4:07  SCV  
  39  4:10  Factory  
  39  4:14  SCV  
  40  4:19  SCV  
  40  4:20  SCV  
  42  4:24  Factory  
  42  4:26  SCV  
  43  4:31  Factory, SCV  
  43  4:32  SCV  
  43  4:33  Factory Tech Lab  
  43  4:38  SCV  
  46  4:43  Factory Tech Lab, SCV  
  46  4:44  SCV  
  48  4:47  Refinery  
  48  4:50  SCV  
  49  4:54  Refinery, Siege Tank  
  49  4:56  SCV, Factory Reactor  
  54  5:00  SCV  
  54  5:02  SCV  
  54  5:04  Hellion  
  57  5:08  SCV  
  57  5:11  Factory Reactor  
  57  5:12  SCV  
  59  5:14  Factory Tech Lab  
  59  5:15  SCV  
  59  5:20  SCV, Armory  
  61  5:23  Infernal Pre-Igniter  
  61  5:24  SCV  
  66  5:28  Hellion x2  
  66  5:32  SCV  
  66  5:33  SCV  
  66  5:35  Supply Depot  
  68  5:39  Mag-Field Accelerator  
  68  5:41  SCV  
  69  5:51  Supply Depot  
  69  5:54  SCV x3, Hellion x2  
  69  5:55  Supply Depot  
  69  5:56  Hellion x3  
  82  5:58  Cyclone  
  85  6:08  Supply Depot  
  85  6:13  SCV, Cyclone  
  85  6:15  Terran Vehicle And Ship Armor Level 1  
  85  6:16  SCV x2, Supply Depot  
  91  6:18  Supply Depot  
  91  6:19  Cyclone  
  94  6:27  Hellion x2  
  94  6:28  SCV  
  94  6:29  SCV  
  94  6:30  Supply Depot  
  100  6:38  Supply Depot, Armory  
  100  6:41  Supply Depot  
  100  6:50  Command Center  
  94  7:10  Hellion x3, Cyclone x2  
  92  7:20  Hellion x2  
  90  7:24  Supply Depot  
  90  7:26  Supply Depot  
  90  7:33  Supply Depot  
  90  7:35  Hellion x3  
  96  7:38  Smart Servos  
  96  7:40  Terran Vehicle Weapons Level 1  
  96  7:41  Cyclone  
  96  7:42  Cyclone  
  101  7:55  Cyclone  
  101  7:58  Engineering Bay  
  96  8:05  SCV  
  96  8:15  SCV  
  96  8:19  Terran Vehicle And Ship Armor Level 2  
  97  8:25  SCV x2  
  99  8:31  Missile Turret  
  99  8:33  Missile Turret  
  99  8:36  Missile Turret x2  
  99  8:38  Missile Turret  
  99  8:39  Hi-Sec Auto Tracking  
  99  8:42  Hellion x2, Cyclone  
  99  8:43  Hellion, Missile Turret  
  99  8:45  Missile Turret  
  108  8:52  Cyclone x2  
  108  8:53  SCV  
  109  9:05  Missile Turret  
  109  9:06  Missile Turret  
  109  9:14  Planetary Fortress  
  109  9:15  Missile Turret  
  109  9:16  Missile Turret  
  109  9:18  Missile Turret  
  109  9:22  Cyclone  
  109  9:23  Widow Mine  
  109  9:24  Cyclone  
  117  9:29  SCV x3  
  120  9:38  Missile Turret  
  120  9:50  SCV  
  120  9:51  SCV  
  122  9:53  Hellion x2, Cyclone  
  122  9:54  Hellion, Cyclone  
  122  9:56  Missile Turret  
  122  9:59  Missile Turret  
  126  10:26  Cyclone  
  126  10:27  Hellion x2, Cyclone  
  133  10:31  Siege Tank  
  133  10:32  Hellion  
  115  11:03  Hellion x2, Cyclone x3  
  115  11:04  Hellion, SCV x2  
  126  11:05  SCV  
  126  11:06  SCV, Refinery x2  
  130  11:13  Terran Vehicle Weapons Level 2  
  130  11:14  Terran Vehicle And Ship Armor Level 3  
  130  11:16  SCV x2  
  130  11:18  SCV x2  
  125  11:34  SCV x2  
  125  11:35  Missile Turret  
  127  11:40  SCV  
  127  11:41  Hellion x2, Cyclone x3  
  127  11:42  Hellion x2  
  133  12:02  Hellion  
  133  12:03  Hellion  
  129  12:13  Cyclone x2  
  129  12:15  Hellion x2, Cyclone  
  139  12:20  Factory  
  139  12:23  Factory  
  139  12:42  Hellion x3  
  142  12:45  Cyclone x2  
  148  12:53  Hellion, Siege Tank  
  141  13:17  Siege Tank  
  110  13:27  Hellion, Siege Tank  
  110  13:28  Widow Mine, Hellion x2, Cyclone  
  109  13:49  Hellion x2, Cyclone  
  104  13:57  Factory Tech Lab  
  104  13:58  Factory Tech Lab  
  104  14:06  Command Center  
  104  14:07  Hellion, Cyclone  
  104  14:08  Cyclone  
  104  14:09  Hellion  
  108  14:21  Cyclone  
  108  14:23  Hellion x3, Cyclone  
  120  14:28  Command Center  
  120  14:32  Drilling Claws  
  120  14:36  Hellion x2  
  124  14:39  Cyclone  
  124  14:41  Hellion  
  124  14:44  Hellion  
  124  14:45  Hellion  
  133  14:50  Missile Turret  
  133  14:52  Missile Turret  
  133  14:57  Missile Turret  
  133  14:59  Missile Turret  
  120  15:29  Siege Tank x4  
  120  15:30  Widow Mine x3, Cyclone  
  120  15:31  Hellion  
  112  15:58  Hellion x2  
  112  15:59  Hellion x2  
Show
View Real Time Build Order
Export as new Build Order

AMCHOLDER Zerg 

Build Orders: Hatch First 

Get SALT Encoding   

  12  0:00  Drone  
  13  0:09  Drone  
  14  0:15  Extractor  
  14  0:16  Drone  
  15  0:22  Overlord  
  15  0:45  Hatchery  
  15  0:47  Drone  
  15  0:49  Drone  
  16  0:52  Drone  
  17  0:58  Drone  
  18  1:06  Extractor  
  17  1:12  Spawning Pool  
  17  1:15  Drone  
  17  1:20  Drone  
  18  1:31  Drone  
  19  1:42  Drone  
  20  1:53  Drone  
  21  2:00  Queen x2  
  25  2:01  Zergling x2  
  25  2:03  Zergling x2  
  25  2:07  Overlord  
  27  2:13  Overlord  
  27  2:27  Hatchery  
  26  2:30  Drone  
  26  2:32  Drone  
  28  2:41  Drone x3  
  31  2:46  Overlord  
  31  2:52  Drone  
  32  2:58  Metabolic Boost  
  32  3:01  Drone  
  32  3:05  Drone  
  34  3:11  Drone x5  
  39  3:14  Drone x2  
  39  3:19  Overlord  
  41  3:25  Zergling x2  
  42  3:28  Zergling x2  
  42  3:41  Zergling x16  
  42  3:47  Baneling Nest, Overlord  
  48  3:49  Hatchery  
  47  3:55  Drone  
  47  3:58  Drone  
  47  4:01  Drone  
  50  4:12  Drone  
  50  4:13  Drone  
  50  4:15  Drone  
  50  4:16  Drone x2  
  55  4:18  Drone x2  
  55  4:22  Extractor  
  55  4:23  Drone  
  57  4:30  Drone  
  58  4:31  Extractor  
  58  4:36  Extractor, Drone x2  
  58  4:41  Lair  
  58  4:44  Drone  
  59  5:00  Queen  
  59  5:02  Spore Crawler  
  59  5:04  Spore Crawler  
  59  5:05  Spore Crawler  
  58  5:07  Spore Crawler  
  58  5:09  Drone, Queen  
  60  5:14  Drone  
  60  5:15  Drone x2  
  60  5:18  Drone  
  60  5:19  Overlord x2  
  64  5:29  Spore Crawler  
  64  5:30  Drone  
  64  5:31  Drone  
  64  5:33  Zergling x2  
  64  5:35  Overlord x3  
  66  5:39  Zergling x2  
  66  5:40  Zergling x4  
  69  5:43  Spire  
  68  5:55  Zergling x12  
  74  5:58  Centrifugal Hooks  
  74  6:01  Overlord x2  
  74  6:06  Spore Crawler  
  74  6:07  Spore Crawler  
  74  6:08  Baneling x2  
  74  6:09  Baneling x5  
  74  6:10  Zergling x2  
  74  6:11  Zergling x2  
  74  6:34  Overseer  
  74  6:38  Zergling x10  
  74  6:39  Zergling x6  
  82  6:49  Mutalisk x3  
  82  6:50  Mutalisk x5  
  98  6:54  Zerg Flyer Weapons Level 1  
  79  7:17  Zergling x18  
  79  7:19  Queen  
  90  7:31  Drone x3  
  90  7:32  Drone x8  
  101  7:38  Overlord x2  
  101  7:44  Evolution Chamber  
  101  7:45  Zergling x2  
  101  7:46  Zergling x2, Evolution Chamber  
  101  7:49  Roach Warren  
  100  7:52  Hatchery  
  99  8:04  Mutalisk  
  99  8:05  Mutalisk x5  
  105  8:14  Drone x7  
  105  8:15  Drone  
  105  8:18  Zerg Missile Weapons Level 1, Extractor  
  112  8:22  Extractor  
  112  8:23  Zerg Ground Armor Level 1  
  111  8:27  Queen  
  111  8:32  Glial Reconstitution  
  113  8:37  Drone  
  113  8:38  Drone x3  
  117  8:46  Zergling x14  
  124  9:03  Roach  
  124  9:04  Roach x6  
  124  9:08  Overlord x2  
  138  9:12  Overlord  
  138  9:14  Zerg Flyer Armor Level 1  
  138  9:24  Overlord x4  
  138  9:26  Queen  
  138  9:31  Roach x4  
  144  9:47  Roach x4  
  144  9:48  Roach x5  
  160  9:58  Ravager x10  
  170  10:05  Ravager  
  170  10:06  Queen  
  164  10:07  Zergling x2  
  164  10:08  Zergling x16  
  147  10:24  Zergling x12  
  147  10:25  Zerg Ground Armor Level 2  
  147  10:28  Zerg Missile Weapons Level 2  
  147  10:30  Zergling x12  
  150  10:37  Drone x5  
  151  10:48  Zergling x12  
  121  10:57  Zergling x2  
  102  11:08  Roach x10  
  102  11:09  Roach x3  
  128  11:16  Zergling x2  
  128  11:17  Zergling x6  
  130  11:28  Zergling x2  
  130  11:29  Zergling x6  
  134  11:36  Drone x7  
  134  11:37  Drone  
  141  11:43  Zergling x8  
  145  11:47  Infestation Pit  
  145  11:49  Extractor  
  136  11:54  Drone x3  
  138  12:07  Roach  
  138  12:08  Roach x13  
  156  12:09  Hatchery, Zergling x2  
  153  12:18  Zergling x12  
  153  12:21  Ravager  
  153  12:22  Ravager x6  
  166  12:27  Zergling x8  
  165  12:36  Hive  
  157  12:39  Zergling x4  
  157  12:40  Zergling x2  
  159  12:46  Zergling x4  
  159  12:47  Hatchery  
  160  12:53  Zergling x2  
  160  12:54  Zergling x16  
  129  13:13  Roach x3  
  114  13:23  Roach  
  114  13:24  Roach x2  
  89  13:30  Roach x3  
  92  13:39  Roach  
  92  13:40  Roach x2  
  76  13:51  Roach x3  
  76  13:57  Queen  
  76  14:01  Queen  
  80  14:03  Drone x3  
  80  14:04  Drone  
  80  14:06  Zergling x2  
  80  14:07  Zergling x8  
  88  14:17  Roach x4  
  94  14:27  Roach x5  
  104  14:40  Roach x6, Infestor x3  
  110  14:49  Zergling x12  
  116  14:54  Ravager x7  
  107  15:13  Zergling x26  
  112  15:27  Zergling x2  
  112  15:28  Zergling x14  
  95  15:52  Roach  
  95  15:53  Roach x8  
  95  15:54  Zergling x2  
Tags
 
Add a new tag
Caveats
  • Supply blocks, unpowered buildings, or Contaminate may cause inaccurate times.
  • Supply counts are checked every 10 seconds.